 Dungeon Crawl Stone Soup version 0.22-a0-231-g1b571ea (webtiles) character file.

10890 RoseArtemis the Basher (level 11, -39/100 HPs)
             Began as a Minotaur Fighter on Feb 21, 2018.
             Was a Believer of Makhleb.
             Killed from afar by a fire giant (47 damage)
             ... with a bolt of fire
             ... on level 10 of the Dungeon.
             The game lasted 00:32:57 (9888 turns).

RoseArtemis the Basher (Minotaur Fighter)           Turns: 9888, Time: 00:32:58

Health: -39/100    AC: 23    Str: 27    XL:     11   Next: 42%
Magic:  14/14      EV: 11    Int:  5    God:    Makhleb [**....]
Gold:   599        SH: 15    Dex: 15    Spells: 10/10 levels left

rFire    . . .     SeeInvis .   a - +5 mace
rCold    . . .     Gourm    .   c - +0 shield
rNeg     . . .     Faith    .   j - +1 plate armour
rPois    .         Spirit   .   (helmet restricted)
rElec    .         Reflect  +   r - +2 cloak
rCorr    .         Harm     .   y - +2 pair of gloves {Str+3}
MR       .....                  (no boots)
Stlth    ..........             i - +4 amulet of reflection
HPRegen  0.26/turn              (no ring)
MPRegen  0.14/turn              (no ring)

@: agile
A: retaliatory headbutt, horns 2
a: Minor Destruction, Renounce Religion


You were on level 10 of the Dungeon.
You worshipped Makhleb.
Makhleb was pleased with you.
You were not hungry.

You visited 2 branches of the dungeon, and saw 11 of its levels.

You collected 599 gold pieces.

Inventory:

Hand Weapons
 a - a +5 mace (weapon)
 m - a +0 hunting sling
 p - a +2 mace of holy wrath
Missiles
 t - 83 sling bullets
Armour
 c - a +0 shield (worn)
 j - a +1 plate armour (worn)
 r - a +2 cloak (worn)
 s - a +0 plate armour
 y - a +2 pair of gloves of strength (worn)
Jewellery
 i - a +4 amulet of reflection (around neck)
 n - a cursed ring of teleportation {unknown}
 v - a +5 ring of protection {unknown}
 D - an uncursed ring of flight {unknown}
 J - an uncursed ring of ice {unknown}
Wands
 b - a wand of disintegration (9)
 g - a wand of digging (12)
 N - a wand of acid (6)
Scrolls
 d - 2 scrolls of fog
 e - a scroll of amnesia
 h - a scroll of teleportation
 k - 9 scrolls of remove curse
 q - 3 scrolls of magic mapping
 u - a scroll of enchant weapon
 w - a scroll of immolation {unknown}
 A - a scroll of enchant armour
 B - 2 scrolls of fear
 H - a scroll of blinking
Potions
 o - 2 potions of curing {unknown}
 x - a potion of haste {unknown}
 z - 2 potions of lignification {unknown}
 C - a potion of flight
 E - a potion of ambrosia {unknown}
 F - a potion of agility
 G - a potion of magic {unknown}
 I - 2 potions of heal wounds {unknown}
 K - a potion of brilliance {unknown}
 L - a potion of cancellation {unknown}
 M - 2 potions of mutation {unknown}
Comestibles
 f - 19 rations
 l - 14 chunks of flesh


   Skills:
 + Level 10.2 Fighting
   Level 5.2(10.1) Axes
 + Level 13.1(13.5) Maces & Flails
 + Level 11.2 Armour
 - Level 5.0 Shields
 + Level 5.4 Invocations


You had 10 spell levels left.
You didn't know any spells.

Dungeon Overview and Level Annotations

Branches:
Dungeon (10/15)            Temple (1/1) D:7            Lair (0/6) D:8
    Orc (0/2) D:9

Altars:
Ashenzari
Cheibriados
Dithmenos
Elyvilon
Fedhas
Gozag
Hepliaklqana
Kikubaaqudgha
Makhleb
Nemelex Xobeh
Okawaru
Qazlal
Ru
Sif Muna
Trog
Uskayaw
Vehumet
Wu Jian
Xom
Yredelemnul
Zin
The Shining One
Beogh


Innate Abilities, Weirdness & Mutations

You reflexively headbutt those who attack you in melee.
You have a pair of horns on your head.


Message History

Press: ? - help, Shift-Dir - straight line, f - gargoyle
Aim: a gargoyle, wielding a mace The gargoyle is unaffected.
Press: ? - help, Shift-Dir - straight line, f - fire giant, p - gargoyle
Aim: a fire giant, wielding the +7 great mace "Firestarter" {inner flame, rF++} (lightly wounded)
The zap hits the fire giant.
The fire giant is lightly wounded.
The gargoyle hurls a stone arrow at you.
The stone arrow hits you! The fire giant casts a spell at you.
The fireball explodes!
The fireball engulfs you!
* * * LOW HITPOINT WARNING * * *
You feel agile all of a sudden.
The fire giant gestures at you while chanting.
The fireball explodes!
The fireball engulfs you!
* * * LOW HITPOINT WARNING * * *
You hear a shout!
The fire giant gestures at you while chanting.
The bolt of fire hits you!
You die...

..###...........'..#..'.......#
...###..........#..####.......#
.##.###.........#.............#
.. ..##.........#.............#
#.....#.........#.............#..
:...............#....###'#....#..
#.....#....9....#....#...#....#..
#..##.....C...#....#...####.#..
#.# #.........@....#......#.#..
..# #..........#....#......#.#..
.# #...#######.#....#......#.#.Y
#.... #.#....#......#.#.. .....
#.#....#......#.#.. ..
#.#....#.....>#.#..
#.#..).#'######.#..
#.###<).........#.Y
#...........##'


You could see a fire giant and a gargoyle.

Vanquished Creatures
  3 two-headed ogres (D:8)
  Psyche (D:7)
  2 hippogriffs (D:8)
  A spriggan (D:7)
  A wraith (D:10)
  A shadow (D:8)
  4 fire bats (D:10)
  17 yaks
  A hungry ghost (D:7)
  3 wargs
  A water moccasin (D:9)
  The ghost of Galewind the Sneak, an amateur SpEn (D:4)
  A sky beast (D:9)
  5 orc warriors (D:9)
  4 phantoms
  2 ogres
  4 centaurs
  3 bullfrogs
  A gnoll sergeant (D:8)
  3 scorpions
  3 killer bees (D:7)
  8 wights
  4 howler monkeys
  A bullfrog zombie (D:4)
  2 crimson imps
  2 centaur zombies (D:8)
  6 hounds
  5 orc priests
  A bullfrog skeleton (D:4)
  A jelly (D:7)
  9 orc wizards
  6 iguanas
  6 worker ants
  A hound skeleton (D:7)
  5 gnolls
  3 worker ant zombies
  6 adders
  2 adder skeletons (D:4)
  2 dart slugs
  A leopard gecko (D:4)
  33 orcs
  4 giant cockroaches
  11 goblins
  13 hobgoblins
  8 jackals
  4 quokkas
  A ball python (D:5)
  4 bats
  A frilled lizard (D:1)
  6 kobolds
  A quokka zombie (D:7)
  4 rats
223 creatures vanquished.

Vanquished Creatures (others)
  A centaur (D:9)
  An orc wizard (D:4)
2 creatures vanquished.

Grand Total: 225 creatures vanquished

Notes
Turn   | Place    | Note
-------+----------+-------------------------------------------
     0 | D:1      | RoseArtemis the Minotaur Fighter began the quest for the Orb.
     0 | D:1      | Reached XP level 1. HP: 19/19 MP: 0/0
   102 | D:1      | Reached XP level 2. HP: 26/27 MP: 1/1
  1050 | D:2      | Reached XP level 3. HP: 33/33 MP: 2/2
  1777 | D:2      | Found a bloodstained altar of Trog.
  2029 | D:3      | Reached XP level 4. HP: 41/41 MP: 3/3
  2280 | D:3      | Reached XP level 5. HP: 45/47 MP: 4/4
  2313 | D:3      | Found a glowing golden altar of the Shining One.
  2318 | D:3      | Found a basalt altar of Yredelemnul.
  2320 | D:3      | Noticed a profane servitor
  2591 | D:3      | Noticed an angel
  2666 | D:4      | Reached skill level 5 in Axes
  2668 | D:4      | Reached XP level 6. HP: 23/55 MP: 5/5
  3071 | D:4      | Noticed Galewind's ghost (amateur SpEn)
  3092 | D:4      | Reached skill level 5 in Fighting
  3092 | D:4      | Reached skill level 5 in Armour
  3092 | D:4      | Reached skill level 5 in Shields
  3096 | D:4      | Killed Galewind's ghost
  3096 | D:4      | Reached skill level 2 in Maces & Flails
  3404 | D:4      | Reached skill level 3 in Maces & Flails
  3567 | D:5      | Entered Level 5 of the Dungeon
  3586 | D:5      | Reached XP level 7. HP: 51/61 MP: 6/6
  3725 | D:5      | Reached skill level 4 in Maces & Flails
  4489 | D:6      | Found a shadowy altar of Dithmenos.
  4490 | D:6      | Found an ornate altar of the Wu Jian Council.
  4492 | D:6      | Found a shimmering altar of Xom.
  4518 | D:6      | Reached skill level 5 in Maces & Flails
  4709 | D:6      | Found a hazy altar of Hepliaklqana.
  4815 | D:6      | Reached XP level 8. HP: 57/70 MP: 7/7
  4957 | D:6      | Reached skill level 6 in Maces & Flails
  5393 | D:7      | Reached skill level 7 in Maces & Flails
  5433 | D:7      | Found a sparkling altar of Nemelex Xobeh.
  5437 | D:7      | Found a staircase to the Ecumenical Temple.
  5651 | D:7      | Reached skill level 8 in Maces & Flails
  6014 | D:7      | Found a sacrificial altar of Ru.
  6102 | D:7      | Reached XP level 9. HP: 73/79 MP: 8/8
  6271 | Temple   | Entered the Ecumenical Temple
  6496 | Temple   | Became a worshipper of Makhleb the Destroyer
  6561 | D:8      | Found a hide-covered altar of Uskayaw.
  6561 | D:8      | Noticed a two-headed ogre
  6570 | D:8      | Killed a two-headed ogre
  6570 | D:8      | Reached skill level 9 in Maces & Flails
  6570 | D:8      | Reached skill level 1 in Invocations
  6654 | D:8      | Noticed a two-headed ogre
  6838 | D:8      | Killed a two-headed ogre
  6838 | D:8      | Reached XP level 10. HP: 78/91 MP: 11/11
  6899 | D:8      | Found a staircase to the Lair.
  6937 | D:8      | Reached skill level 10 in Maces & Flails
  7141 | D:8      | Noticed Psyche
  7380 | D:8      | Reached * piety under Makhleb
  7433 | D:7      | Killed Psyche
  7626 | D:8      | Found a glowing silver altar of Zin.
  7648 | D:8      | Reached skill level 10 in Armour
  7652 | D:8      | Found an iron altar of Okawaru.
  7745 | D:8      | Reached skill level 10 in Fighting
  7745 | D:8      | Reached skill level 5 in Invocations
  7811 | D:8      | Found a hazy altar of Hepliaklqana.
  7923 | D:8      | Found an ancient bone altar of Kikubaaqudgha.
  7929 | D:8      | Noticed a two-headed ogre
  7935 | D:8      | Killed a two-headed ogre
  7935 | D:8      | Reached skill level 11 in Maces & Flails
  8126 | D:9      | Reached skill level 12 in Maces & Flails
  8705 | D:9      | Reached XP level 11. HP: 92/99 MP: 13/13
  8928 | D:9      | Found a roughly hewn altar of Beogh.
  8928 | D:9      | Found a staircase to the Orcish Mines.
  9145 | D:9      | Reached ** piety under Makhleb
  9207 | D:10     | Entered Level 10 of the Dungeon
  9222 | D:10     | Found a blossoming altar of Fedhas.
  9405 | D:9      | Reached skill level 13 in Maces & Flails
  9863 | D:10     | Noticed a fire giant
  9888 | D:10     | Killed from afar by a fire giant

Vault maps used:
D:1:      dpeg_arrival_water_fire
D:2:      lightli_temple_of_fire
D:3:      grunt_temple_overflow_holy_war, portal_sewer_entry_d, first_ration,
          st_stairs_14
D:5:      enter_ossuary_1
D:6:      grunt_temple_overflow_open, basic_altar, kennysheep_generic_room_7
D:7:      nemelex_xobeh_ov_fountains_minmay, nicolae_ru_the_path_less_chosen,
          minmay_temple_entry_statues, the_bakery
D:8:      hangedman_cross_stitches, okawaru_altar_gauntlet_db,
          nicolae_overflow_crystal_walls, zin_statuary,
          overflow_temple_1_default, lemuel_round_altar,
          erik_lair_orcish_takeover, uniq_psyche
D:9:      david_orc_5
D:10:     minmay_firetagon, serial_glass, glass_columns_c, glass_columns_a,
          glass_columns_b, glass_columns_a, glass_columns_a, minivault_16,
          fedhas_altar_2
Temple:   jpeg_temple_island

Skill      XL: |  1  2  3  4  5  6  7  8  9 10 11 |
---------------+----------------------------------+-----
Axes           | 3 4 5 |  5.2
Fighting       | 4 5 6 7 9 10 | 10.2
Armour         | 4 5 6 7 9 10 11 | 11.2
Shields        | 4 5 |  5.0
Maces & Flails | 3 5 8 9 12 13 | 13.1
Invocations    | 3 5 |  5.4

Action                   |  1- 3 |  4- 6 |  7- 9 | 10-12 || total
-------------------------+-------+-------+-------+-------++-------
Melee: War axe           |    76 |    79 |       |       ||   155
       Headbutt          |    10 |    17 |    48 |    75 ||   150
       Mace              |       |    50 |   264 |   327 ||   641
       Unarmed           |       |       |       |    13 ||    13
Invok: Minor Destruction |       |       |       |     6 ||     6
  Use: Scroll            |     1 |     4 |     7 |     4 ||    16
       Potion            |       |       |     2 |     2 ||     4
 Stab: Confused          |       |       |       |     1 ||     1
  Eat: Chunk             |     3 |     6 |     8 |    10 ||    27
       Ration            |       |       |     1 |       ||     1
Armor: Scale mail        |    35 |    27 |       |       ||    62
       Plate armour      |       |    29 |   113 |   143 ||   285
       Skin              |       |       |       |    14 ||    14
Dodge: Dodged            |    28 |    33 |    35 |    55 ||   151
Block: Shield            |    41 |    80 |   153 |   200 ||   474
       Reflection        |       |       |     3 |    11 ||    14
       Other             |       |       |       |     3 ||     3

Table legend:
 A = Spawn XP
 B = Non-spawn XP
 C = Spawn XP percentage of total XP
 D = Spawn monster count
 E = Non-spawn monster count
 F = Spawn count percentage of total count
 G = Total turns spent on level
                    A         B        C        D         E        F      G
               +---------+---------+-------+---------+---------+-------+---------
         Total |       0 |   15558 |   0.0 |       0 |     224 |   0.0 |  9888
               +---------+---------+-------+---------+---------+-------+---------
           D:1 |       0 |      31 |   0.0 |       0 |      12 |   0.0 |   858
           D:2 |       0 |      26 |   0.0 |       0 |      13 |   0.0 |   992
           D:3 |       0 |     160 |   0.0 |       0 |      28 |   0.0 |   779
           D:4 |       0 |     475 |   0.0 |       0 |      15 |   0.0 |   938
           D:5 |       0 |     314 |   0.0 |       0 |       9 |   0.0 |   852
           D:6 |       0 |     636 |   0.0 |       0 |      22 |   0.0 |   910
           D:7 |       0 |    2275 |   0.0 |       0 |      29 |   0.0 |  1648
           D:8 |       0 |    5389 |   0.0 |       0 |      35 |   0.0 |   865
           D:9 |       0 |    3552 |   0.0 |       0 |      42 |   0.0 |  1485
          D:10 |       0 |    2700 |   0.0 |       0 |      19 |   0.0 |   303
               +---------+---------+-------+---------+---------+-------+---------
